 Dungeon Crawl Stone Soup version 0.31-a0-1068-g5939ac1fb6 (webtiles) character file.

Game seed: 16348909090699393739

571 inmateoo the Insei (level 7, -21/55 HPs)
             Began as a Demonspawn Monk on Nov 23, 2023.
             Demolished by an ogre
             ... wielding a +0 giant spiked club
              (29 damage)
             ... on level 3 of the Dungeon.
             The game lasted 00:03:48 (4286 turns).

inmateoo the Insei (Demonspawn Monk)                Turns: 4286, Time: 00:03:48

Health: -21/55     AC:  6    Str: 13    XL:     7   Next: 12%
Magic:  7/7        EV: 12    Int: 11    God:
Gold:   230        SH:  0    Dex: 16    Spells: 6/6 levels left

rFire   + .          .
                       - Unarmed
rCold   . . .        c - orb {light}
rNeg    . . .        g - +1 ring mail
rPois   .            (no helmet)
rElec   .            (no cloak)
rCorr   +            (no gloves)
SInv    .            (no boots)
Will    .....        (no amulet)
Stlth   +            k - ring of resist corrosion
HPRegen 0.29/turn    e - ring of protection from fire
MPRegen 0.10/turn

%: no passive effects
@: glowing, studying Maces & Flails
A: hooves 1, foul stench 1, demonic touch 2
a: no special abilities


You were on level 3 of the Dungeon.
You visited 1 branch of the dungeon, and saw 4 of its levels.

You collected 230 gold pieces.

Inventory:

Armour
 c - an orb of light (worn)
 g - a +1 ring mail (worn)
Jewellery
 e - a ring of protection from fire (right hand)
 k - a ring of resist corrosion (left hand)
Scrolls
 d - a scroll of immolation
 h - a scroll of identify
Potions
 a - a potion of heal wounds {unknown}
 b - a potion of ambrosia
 f - a potion of lignification {unknown}
 i - a potion of brilliance
 j - a potion of curing
 l - a potion of enlightenment {unknown}
 m - a potion of mutation {unknown}


   Skills:
 + Level 4.4 Fighting
 + Level 2.0 Armour
 + Level 4.0 Dodging
 * Level 5.2 Unarmed Combat
 + Level 1.7 Shapeshifting


You had 6 spell levels left.
You didn't know any spells.
Your spell library contained the following spells:

 Spells                   Type           Power      Damage    Failure   Level
 Shock                    Conj/Air       0%         1d3       58%         1
 Swiftness                Air            0%         N/A       92%         3
 Airstrike                Air            0%         2d(0-16)  100%        4


Dungeon Overview and Level Annotations

Branches:
Dungeon (4/15)
 Temple: D:4-7

Altars:

Shops:
D:3 (


Innate Abilities, Weirdness & Mutations

You have large cloven feet.
You may rarely emit foul miasma when damaged in melee.
Your touch may inflict irresistible damage on your foes.


Message History

Your Dodging skill increases to level 4!
You hit the endoplasm but do no damage. You kick the endoplasm.
The endoplasm is severely wounded.
You feel sick.
The endoplasm hits you but does no damage.
You punch the endoplasm!
You kill the endoplasm!
You feel sick.
You feel sick.
You start resting.
You feel sick. x3
You are no longer poisoned.
You start resting.
HP restored.
There is a stone staircase leading down here.
You climb downwards.
The gnoll hits you with a +0 club. The ogre barely misses you.
There is a stone staircase leading up, spattered with blood here.
The gnoll barely misses you. The gnoll closely misses you.
The ogre hits you with a +0 giant spiked club!
You climb upwards.
There is a stone staircase leading down here.
You hit the ogre. You kick the ogre.
The ogre is lightly wounded.
The gnoll closely misses you.
You punch the ogre!
The ogre is moderately wounded.
The gnoll hits you with a +0 club.
The ogre hits you with a +0 giant spiked club!!
* * * LOW HITPOINT WARNING * * *
You are too injured to fight recklessly!
You hit the ogre.
The ogre is heavily wounded.
The gnoll hits you with a +0 club.
* * * LOW HITPOINT WARNING * * *
Okay, then.
You hit the ogre but do no damage.
The ogre is heavily wounded.
The ogre hits you with a +0 giant spiked club!!
Ouch! That really hurt!
You die...

#####..)......#...)<# #.#
#.....#########.###.# #.#
#.###.#########.....# #.#
#.#.#.#.#.#.#.#.#.### #.#
#..................######)#
#.#.#.#.#.#.#.#.#.##......#
#..................#.######
#.#.#.#.#.#g#.#.#.##.#######
#..........@)...............
#(#.#.#.#.#O#.#.#.##.#######
#..................#.# #
#.#.#.#.#.#.#.#.#.##.#######
#..................#........
#.#.#.#.#.#.#.#.#.##.#######
#.#...###########....#
#...### ###### #####


You could see an ogre and a gnoll.

Vanquished Creatures
  A water moccasin (D:2)
  2 scorpions
  A jelly (D:4)
  2 orc priests
  An iguana (D:4)
  2 orc wizards
  6 gnolls
  3 adders
  A worm (D:4)
  A dart slug (D:1)
  10 orcs
  6 bats
  12 endoplasms
  4 giant cockroaches
  8 goblins
  4 hobgoblins
  A jackal (D:3)
  6 kobolds
  4 quokkas
  9 ball pythons
  A frilled lizard (D:3)
  5 rats
90 creatures vanquished.

Notes
Turn   | Place    | Note
-------+----------+-------------------------------------------
     0 | D:1      | inmateoo the Demonspawn Monk began the quest for the Orb.
     0 | D:1      | Reached XP level 1. HP: 18/18 MP: 1/1
    77 | D:1      | Reached skill level 3 in Unarmed Combat
    77 | D:1      | Discovered your monstrous ancestry.
    77 | D:1      | Gained mutation: Your touch may inflict minor irresistible
                  | damage on your foes. [demonic ancestry]
    77 | D:1      | Reached XP level 2. HP: 19/24 MP: 2/2
   766 | D:2      | Gained mutation: You may rarely emit foul miasma when
                  | damaged in melee. [demonic ancestry]
   766 | D:2      | Reached XP level 3. HP: 21/29 MP: 3/3
  1357 | D:3      | Found Pousch's Antique Weapon Emporium.
  1370 | D:3      | Gained mutation: You have large cloven feet. [demonic
                  | ancestry]
  1370 | D:3      | Reached XP level 4. HP: 12/37 MP: 4/4
  1555 | D:3      | Reached skill level 4 in Unarmed Combat
  1722 | D:3      | Noticed a water moccasin
  1912 | D:4      | Noticed a scorpion
  1926 | D:4      | Killed a scorpion
  1927 | D:4      | Gained mutation: Your touch may inflict irresistible damage
                  | on your foes. [demonic ancestry]
  1927 | D:4      | Reached XP level 5. HP: 15/42 MP: 5/5
  2230 | D:4      | Reached skill level 1 in Armour
  2350 | D:4      | Noticed an ogre
  2524 | D:2      | Killed a water moccasin
  2525 | D:2      | Reached skill level 1 in Shapeshifting
  2525 | D:2      | Reached XP level 6. HP: 17/48 MP: 6/6
  3000 | D:3      | Found a faded altar of an unknown god.
  3701 | D:4      | Reached skill level 5 in Unarmed Combat
  4058 | D:3      | Reached XP level 7. HP: 40/55 MP: 7/7
  4286 | D:3      | Demolished by an ogre

Illustrated notes

Levels and vault maps discovered:
D:1:      lemuel_arrival_muddy, layout_loops_ring
D:2:      layout_basic
D:3:      layout_basic, serial_shops, nicolae_square_shop,
          hellmonk_ecumenical_altar_run_dry, st_stairs_11
D:4:      minmay_skewed_foursquare, layout_basic, kennysheep_generic_room_16

Skill      XL: |  1  2  3  4  5  6  7 |
---------------+----------------------+-----
Unarmed Combat | 3 4 5 |  5.2
Dodging        | 3 4 |  4.0
Fighting       | 4 |  4.4
Armour         | 1 2 |  2.0
Shapeshifting  | 1 |  1.7

Action                     |  1- 3 |  4- 6 |  7- 9 || total
---------------------------+-------+-------+-------++-------
  Melee: Unarmed           |   127 |   134 |    15 ||   276
         Kick              |       |    47 |     5 ||    52
    Use: Scroll            |     7 |       |       ||     7
         Potion            |       |     3 |       ||     3
 Armour: Robe              |    16 |       |       ||    16
         Ring mail         |    39 |   117 |    11 ||   167
  Dodge: Dodged            |    76 |    87 |    18 ||   181

Table legend: (Time is in decaauts)
 A = Elapsed time spent in this place.
 B = Non-inter-level travel time spent in this place.
 C = Inter-level travel time spent in this place.
 D = Time resting spent in this place.
 E = Time spent auto-exploring this place.
 F = Levels seen in this place.
 G = Mean time per level.
                   A        B        C        D        E       F      G
               +--------+--------+--------+--------+--------+-----+--------+
         Total |   4271 |   4227 |     44 |   1178 |   2256 |   4 | 1067.8 |
       Dungeon |   4271 |   4227 |     44 |   1178 |   2256 |   4 | 1067.8 |
               +--------+--------+--------+--------+--------+-----+--------+

Top non-repeatable levels by time:
     D:4: 1644 daAuts
     D:2: 1006 daAuts
     D:3: 944 daAuts
     D:1: 676 daAuts
